 Dungeon Crawl Stone Soup version 0.29.1-15-g9cfb28693d (webtiles) character file.

Game seed: 15562932382465264818

21 KittyFluff the Trooper (level 2, -1/20 HPs)
             Began as a Gargoyle Berserker on Apr 9, 2023.
             Was a Follower of Trog.
             Frozen to death by an endoplasm (5 damage)
             ... on level 2 of the Dungeon.
             The game lasted 00:01:19 (230 turns).

KittyFluff the Trooper (Gargoyle Berserker)          Turns: 230, Time: 00:01:19

Health: -1/20      AC:  5    Str: 20    XL:     2   Next: 83%
Magic:  2/2        EV: 12    Int:  7    God:    Trog [*.....]
Gold:   11         SH:  0    Dex:  9    Spells: 1/1 levels left

rFire   . . .      SeeInvis .   a - +0 mace
rCold   . . .      Faith    .   (no shield)
rNeg    + . .      Spirit   .   b - +0 animal skin
rPois   ∞          Reflect  .   (no helmet)
rElec   +          Harm     .   (no cloak)
rCorr   .          Rampage  .   (no gloves)
Will    .....                   (no boots)
Stlth   +.........              (no amulet)
HPRegen 0.06/turn               (no ring)
MPRegen 0.08/turn               (no ring)

@: no status effects
A: sickness immunity, AC +2, negative energy resistance 1, electricity
resistance, torment resistance 1, petrification resistance
a: Renounce Religion, Berserk


You were on level 2 of the Dungeon.
You worshipped Trog.
Trog was aware of your devotion.
You visited 1 branch of the dungeon, and saw 2 of its levels.

You collected 11 gold pieces.

Inventory:

Hand Weapons
 a - a +0 mace (weapon)
Armour
 b - a +0 animal skin (worn)
Scrolls
 c - a scroll of vulnerability {unknown}
 d - a scroll of amnesia {unknown}
 e - a scroll of teleportation {unknown}
Potions
 f - a potion of degeneration {unknown}


   Skills:
 + Level 3.6 Fighting
 + Level 3.5 Maces & Flails
 + Level 2.3 Armour
 + Level 1.7 Dodging


You had one spell level left.
You didn't know any spells.
Your spell library was empty.

Dungeon Overview and Level Annotations

Branches:
Dungeon (1/15)

Altars:
Qazlal

Shops:
D:2 ?(


Innate Abilities, Weirdness & Mutations

You are immune to sickness and miasma.
Your stone body is resilient. (AC +2)
You are immune to poison.
You resist negative energy. (rN+)
You are resistant to electric shocks. (rElec)
You are resistant to unholy torment.
You are immune to petrification.


Message History

A jackal comes into view.
The jackal bites you but does no damage.
The jackal barely misses you. The jackal attacks as you move away!
The jackal bites you but does no damage. x2
The jackal barely misses you. The jackal attacks as you move away!
The jackal bites you. The jackal attacks as you move away!
The jackal barely misses you.
The quokka twitches its whiskers.
Found a leather armour.
The jackal barely misses you.
The quokka twitches its whiskers.
An endoplasm comes into view.
Found a glass ring.
The endoplasm quivers.
You miss the jackal.
The jackal bites you but does no damage.
You sock the jackal!
You kill the jackal!
Trog accepts your kill.
The quokka twitches its whiskers.
The quokka bites you but does no damage.
You hit the quokka.
The quokka is severely wounded.
The quokka bites you but does no damage.
The endoplasm hits you but does no damage.
You barely miss the quokka.
The quokka is severely wounded.
The quokka barely misses you.
The endoplasm hits you but does no damage.
The quokka bites you.
You hit the quokka.
You kill the quokka!
Trog accepts your kill. The endoplasm closely misses you. The jackal bites you.
* * * LOW HITPOINT WARNING * * *
The endoplasm closely misses you.
You barely miss the jackal. The jackal barely misses you.
The endoplasm freezes you.
You are frozen.
You die...

....... .....=. .......
....... ... .......
##......... .[...).
......J... ......J####
#.........
#.@hh#####...?.....
#############h..............
#...........................
#.................#.........
####...##....#.)............
#...##.####...#..........
#...##.# #...#..........
#......# #..............
#..†##### #..............


You could see an endoplasm and 3 jackals.

Vanquished Creatures
  An adder (D:2)
  A bat (D:2)
  An endoplasm (D:1)
  2 hobgoblins (D:1)
  A jackal (D:2)
  A quokka (D:2)
  3 ball pythons
  A frilled lizard (D:2)
11 creatures vanquished.

Notes
Turn   | Place    | Note
-------+----------+-------------------------------------------
     0 | D:1      | KittyFluff the Gargoyle Berserker began the quest for the
                  | Orb.
     0 | D:1      | Reached XP level 1. HP: 14/14 MP: 1/1
   124 | D:1      | You fall into a shaft and drop 1 floor!
   124 | D:2      | Found Qykobi's Magic Scroll Shoppe.
   152 | D:2      | Found a stormy altar of Qazlal.
   177 | D:2      | Reached XP level 2. HP: 10/20 MP: 2/2
   212 | D:2      | Found Binimualu's Weapon Boutique.
   230 | D:2      | Frozen to death by an endoplasm

Illustrated notes

Levels and vault maps discovered:
D:1:      lightli_arrival_isolated_outpost, layout_loops_corners,
          hellmonk_ecumenical_altar_leap_of_faith
D:2:      layout_rooms, basic_altar, serial_shops, nicolae_shop_crystal,
          nicolae_shop_bloodbath_and_beyond, shop, shop,
          nicolae_shop_hallway_plus

Action                   || total
-------------------------++-------
Melee: Mace              ||    26
Armor: Animal skin       ||    17
Dodge: Dodged            ||    22
